 Dungeon Crawl Stone Soup version 0.25.0-26-g0c896c7088 (webtiles) character file.

Game seed: 2696423284276896354

14919 gwiyeom the Cleaver (level 11, -1/100 HPs)
             Began as a Demonspawn Gladiator on July 5, 2020.
             Was a Priest of Fedhas.
             Hit by a stone thrown by a skeletal warrior (3 damage)
             ... led by a skeletal warrior
             ... on level 11 of the Dungeon.
             The game lasted 00:27:45 (14194 turns).

gwiyeom the Cleaver (Demonspawn Gladiator)         Turns: 14194, Time: 00:27:46

Health: -1/100     AC: 19    Str: 18    XL:     11   Next: 95%
Magic:  0/25       EV: 10    Int: 10    God:    Fedhas [***...]
Gold:   634        SH: 10    Dex: 14    Spells: 10/10 levels left

rFire    . . .     SeeInvis .   a - +2 war axe
rCold    . . .     Gourm    .   u - +0 kite shield
rNeg     . . .     Faith    .   N - +0 plate armour
rPois    +         Spirit   +   c - +1 helmet
rElec    .         Reflect  .   j - +1 cloak
rCorr    .         Harm     .   (no gloves)
MR       .....                  (no boots)
Stlth    ..........             p - amulet of guardian spirit
HPRegen  0.26/turn              y - ring of poison resistance
MPRegen  0.19/turn              w - ring of magical power

@: agile
A: talons 1, high mp 1, powered by pain 1, robust 2, spiny 1
a: Wall of Briars, Grow Ballistomycete, Renounce Religion


You were on level 11 of the Dungeon.
You worshipped Fedhas.
Fedhas was most pleased with you.
You were not hungry.

You visited 2 branches of the dungeon, and saw 13 of its levels.

You collected 634 gold pieces.

Inventory:

Hand Weapons
 a - a +2 war axe (weapon)
 g - a +5 flail
 B - a +1 flail of protection
Missiles
 d - a throwing net
 i - 7 boomerangs (quivered)
 s - 58 poisoned darts
 x - 4 curare-tipped darts
Armour
 c - a +1 helmet (worn)
 j - a +1 cloak (worn)
 u - a +0 kite shield (worn)
 C - a +0 chain mail
 L - +0 swamp dragon scales
 N - a +0 plate armour (worn)
Jewellery
 b - an uncursed ring of protection from fire
 p - an amulet of guardian spirit (around neck)
 t - an uncursed ring of protection from cold
 w - a ring of magical power (right hand)
 y - a ring of poison resistance (left hand)
Wands
 A - a wand of disintegration (31)
 D - a wand of clouds (7)
 H - a wand of flame (64)
 I - a wand of acid (2)
 M - a wand of iceblast (22)
 O - a wand of enslavement (9)
Scrolls
 k - 2 scrolls of enchant armour
 l - 5 scrolls of identify
 m - 7 scrolls of teleportation
 q - 3 scrolls of immolation
 z - 2 scrolls of fear
 G - a scroll of fog
 J - 4 scrolls of enchant weapon
 K - 2 scrolls of remove curse
Potions
 e - 9 potions of curing
 h - 2 potions of flight
 n - a potion of might
 o - 2 potions of magic
 r - a potion of stabbing
 v - a potion of cancellation
 E - a potion of mutation
 F - a potion of lignification
 Q - a potion of resistance {unknown}
Comestibles
 f - 22 rations


   Skills:
 + Level 7.1 Fighting
 + Level 11.2 Axes
 + Level 5.4 Throwing
 * Level 9.4 Armour
 - Level 2.6 Dodging
 - Level 5.6 Shields
 * Level 5.2 Invocations
 + Level 0.2 Evocations


You had 10 spell levels left.
You didn't know any spells.
Your spell library contained the following spells:

 Spells                   Type           Power        Failure   Level  Hunger
 Freeze                   Ice            #...         100%        1    ##.....
 Frozen Ramparts          Ice            #.....       100%        3    ####...
 Ozocubu's Armour         Chrm/Ice       #.......     100%        3    ####...
 Hailstorm                Conj/Ice       #.......     100%        4    #####..
 Summon Ice Beast         Ice/Summ       #.......     100%        4    #####..


Dungeon Overview and Level Annotations

Branches:
Dungeon (12/15)            Temple (1/1) D:7            Lair (0/6) D:10
    Orc (0/2) D:11

Altars:
Ashenzari
Cheibriados
Dithmenos
Elyvilon
Fedhas
Gozag
Hepliaklqana
Kikubaaqudgha
Makhleb
Nemelex Xobeh
Okawaru
Qazlal
Ru
Sif Muna
Trog
Uskayaw
Vehumet
Wu Jian
Xom
Yredelemnul
Zin
The Shining One

Shops:
D:4 %

Annotations:
D:3 1 runed translucent door, exclusion: 2 downstairs, protoss039's ghost, amateur DEEE
D:5 2 transporters, TrebMcFLY's ghost, novice CeHu
D:9 3 runed translucent doors, TheNamelessOne's ghost, novice FoFi


Innate Abilities, Weirdness & Mutations

You have sharp toenails.
You sometimes gain a little power by taking damage.
You are partially covered in sharp spines.
You have an increased reservoir of magic. (+10% MP)
You are very robust. (+20% HP)


Message History

The skeletal warrior is severely damaged.
The skeletal warrior hits you with a +0 flail.
* * * LOW HITPOINT WARNING * * *
You barely miss the skeletal warrior.
The skeletal warrior is severely damaged.
You hit the skeletal warrior. Your kick misses the skeletal warrior.
The skeletal warrior is severely damaged.
The skeletal warrior hits you with a +0 flail!!
* * * LOW HITPOINT WARNING * * *
Okay, then.
The skeletal warrior throws a stone.
The stone hits you but does no damage.
You see here a stone.
The skeletal warrior throws a stone.
You block the stone.
You see here a stone.
The skeletal warrior throws a stone.
The stone hits you!
* * * LOW HITPOINT WARNING * * *
You see here a stone.
The skeletal warrior throws a stone.
The stone hits you.
You die...
Fedhas appreciates your contribution to the ecosystem.

.........#...............#####...
.......).#...................#..#
.........#...................#..#
.............................#..#
.....##########..............#..#
.....# ######..........#...####
.....#####......##########.......
.....#..............#............
.....#####......@...#....#...#...
.....# ######..(..#....#..#####
.....##########...(.#....#..##.!#
...................(##########..#
.........#.........(>)......##'##
.........#.........z........#...#
.........#...............####....
.........#...............#..#.)..
.........#..................#...#


You could see a skeletal warrior.

Vanquished Creatures
  Snorg (D:10)
  A centaur warrior (D:9)
  Erica (D:11)
  A two-headed ogre (D:11)
  Sonja (D:10)
  A skeletal warrior (D:11)
  A cyclops (D:11)
  An ugly thing (D:11)
  A deep elf mage (D:11)
  Maurice (D:9)
  Joseph (D:10)
  Maggie (D:10)
  A troll (D:12)
  4 slime creatures (D:12)
  3 hippogriffs
  A wyvern (D:10)
  Grum (D:11)
  A hungry ghost (D:12)
  Menkaure (D:4)
  2 water moccasins
  Duvessa (D:4)
  4 orc warriors
  A sky beast (D:6)
  2 ice beasts
  2 black bears
  4 necrophages
  A phantom (D:10)
  2 wolves (D:11)
  9 centaurs
  2 crocodiles
  11 ogres
  6 big kobolds
  Blork the orc (D:4)
  4 bullfrogs
  A wyvern zombie (D:12)
  4 scorpions
  Dowan (D:4)
  5 killer bees (D:10)
  2 howler monkeys
  10 wights
  2 bullfrog zombies
  3 crimson imps
  4 orc priests
  9 orc wizards
  2 bullfrog skeletons
  11 hounds
  2 centaur skeletons
  4 iguanas
  8 worker ants
  A killer bee zombie (D:8)
  A hound zombie (D:6)
  A hound skeleton (D:8)
  3 gnolls (D:4)
  13 adders
  2 shadow imps
  2 worms
  3 dart slugs
  3 leopard geckos
  37 orcs
  3 ball pythons
  5 bats
  2 giant cockroaches
  5 goblins
  9 hobgoblins
  19 jackals
  3 quokkas
  6 frilled lizards
  20 kobolds
  A leopard gecko skeleton (D:6)
  2 quokka skeletons (D:5)
  7 rats
292 creatures vanquished.

Vanquished Creatures (others)
  A sky beast (D:6)
  2 fungi (D:9)
  2 plants (D:9)
5 creatures vanquished.

Grand Total: 297 creatures vanquished

Notes
Turn   | Place    | Note
-------+----------+-------------------------------------------
     0 | D:1      | gwiyeom the Demonspawn Gladiator began the quest for the
                  | Orb.
     0 | D:1      | Reached XP level 1. HP: 16/16 MP: 1/1
   289 | D:1      | Found a white marble altar of Elyvilon.
   291 | D:1      | Gained mutation: You are partially covered in sharp spines.
                  | [demonic ancestry]
   291 | D:1      | Reached XP level 2. HP: 22/22 MP: 2/2
   292 | D:1      | Reached skill level 3 in Axes
   635 | D:1      | Reached skill level 1 in Armour
   641 | D:1      | Reached XP level 3. HP: 25/27 MP: 3/3
  1499 | D:2      | Gained mutation: You have sharp toenails. [demonic
                  | ancestry]
  1499 | D:2      | Reached XP level 4. HP: 25/34 MP: 4/4
  1923 | D:3      | Found a runed translucent door.
  1937 | D:3      | Noticed protoss039's ghost (amateur DEEE)
  1970 | D:3      | Reached skill level 1 in Shields
  1979 | D:3      | Reached skill level 4 in Axes
  1979 | D:3      | Reached XP level 5. HP: 24/39 MP: 5/5
  2212 | D:4      | Found Duleado's Food Shoppe.
  2277 | D:4      | Noticed an ogre
  2418 | D:4      | Noticed Menkaure
  2647 | D:4      | Reached XP level 6. HP: 28/46 MP: 6/6
  2921 | D:4      | Noticed Duvessa
  2930 | D:4      | Noticed Dowan
  2941 | D:4      | Killed Dowan
  2941 | D:4      | Reached skill level 5 in Axes
  2944 | D:4      | Noticed Blork the orc
  2948 | D:4      | Killed Duvessa
  2948 | D:4      | Reached XP level 7. HP: 28/52 MP: 7/7
  2955 | D:4      | Killed Blork the orc
  3115 | D:4      | Killed Menkaure
  3764 | D:4      | Reached XP level 8. HP: 44/58 MP: 8/8
  3846 | D:5      | Entered Level 5 of the Dungeon
  4044 | D:5      | Reached skill level 6 in Axes
  4145 | D:5      | Found a transporter.
  4146 | D:5      | Found a transporter.
  4150 | D:5      | Noticed TrebMcFLY's ghost (novice CeHu)
  4157 | D:5      | Identified the +9 dire flail "Ledwal" {vorpal, MR++}
  4751 | D:6      | Reached skill level 5 in Armour
  4909 | D:6      | Reached skill level 7 in Axes
  4993 | D:6      | Gained mutation: You sometimes gain a little power by
                  | taking damage. [demonic ancestry]
  4993 | D:6      | Reached XP level 9. HP: 48/65 MP: 9/9
  6324 | D:7      | Reached skill level 5 in Shields
  6668 | D:7      | Reached skill level 8 in Axes
  6732 | D:7      | Found a staircase to the Ecumenical Temple.
  6793 | D:7      | Found a sacrificial altar of Ru.
  6845 | Temple   | Entered the Ecumenical Temple
  7004 | Temple   | Became a worshipper of Fedhas Madash
  7399 | D:8      | Reached skill level 5 in Fighting
  7540 | D:8      | Reached * piety under Fedhas
  7659 | D:8      | Found an opulent altar of Gozag.
  8076 | D:8      | Reached ** piety under Fedhas
  8273 | D:9      | Reached XP level 10. HP: 74/74 MP: 10/10
  8405 | D:9      | Noticed Maurice
  8637 | D:9      | Found a runed translucent gate.
  8637 | D:9      | Found a runed translucent gate.
  8637 | D:9      | Found a runed translucent gate.
  8642 | D:9      | Noticed TheNamelessOne's ghost (novice FoFi)
  8643 | D:9      | Identified the +10 whip "Optausy" {drain, rN+ Dex+4}
  8654 | D:9      | Reached skill level 9 in Axes
  8801 | D:9      | Gained mutation: You have an increased reservoir of magic.
                  | (+10% MP) [potion of mutation]
  8801 | D:9      | Gained mutation: You are robust. (+10% HP) [potion of
                  | mutation]
  8801 | D:9      | Gained mutation: You are very robust. (+20% HP) [potion of
                  | mutation]
  9352 | D:9      | Killed Maurice
  9519 | D:9      | Noticed a centaur warrior
  9530 | D:9      | Killed a centaur warrior
  9936 | D:10     | Entered Level 10 of the Dungeon
  9937 | D:10     | Found a glowing silver altar of Zin.
  9945 | D:10     | Reached *** piety under Fedhas
 10076 | D:10     | Found a staircase to the Lair.
 10622 | D:10     | Noticed Snorg
 10633 | D:10     | Killed Snorg
 10633 | D:10     | Reached skill level 10 in Axes
 10640 | D:10     | Noticed Sonja
 10655 | D:10     | Killed Sonja
 10655 | D:10     | Reached XP level 11. HP: 83/99 MP: 12/12
 10842 | D:10     | Reached skill level 1 in Invocations
 10959 | D:10     | Noticed Joseph
 10977 | D:10     | Killed Joseph
 11069 | D:10     | Noticed Maggie
 11098 | D:10     | Killed Maggie
 11554 | D:11     | Noticed a white ugly thing
 11567 | D:11     | Killed a white ugly thing
 11710 | D:11     | Found a staircase to the Orcish Mines.
 12065 | D:11     | Noticed Erica
 12081 | D:11     | Killed Erica
 12279 | D:11     | Noticed a deep elf mage
 12294 | D:11     | Killed a deep elf mage
 12294 | D:11     | Reached skill level 5 in Throwing
 12461 | D:11     | Noticed a two-headed ogre
 12494 | D:11     | Killed a two-headed ogre
 12596 | D:11     | Noticed Grum
 12606 | D:11     | Killed Grum
 13749 | D:12     | Reached skill level 11 in Axes
 13815 | D:12     | Reached skill level 5 in Invocations
 13912 | D:12     | Noticed a skeletal warrior
 13914 | D:12     | Noticed a skeletal warrior
 13962 | D:11     | Killed a skeletal warrior
 14193 | D:11     | HP: 2/100 [skeletal warrior/stone[a skeletal warrior] (8)]
 14194 | D:11     | Hit by a stone thrown by a skeletal warrior

Illustrated notes

Levels and vault maps discovered:
D:1:      lemuel_arrival_broad_hall, layout_basic, minmay_hexomino_r4
D:2:      layout_loops_ring
D:3:      layout_basic, first_ration, ebering_ghost_sewer_d
D:4:      layout_rooms, serial_shops, shop, uniq_menkaure, uniq_duvessa,
          uniq_blork_the_orc
D:5:      layout_loops_ring, gammafunk_ghost_smash
D:6:      layout_cave_pools, hex_medium, minmay_misc_feat_columns,
          kennysheep_generic_room_6
D:7:      layout_gridville, minmay_temple_entry_poolview,
          nicolae_ru_awakened_eye
D:8:      layout_loops_cross, old_standard_altar
D:9:      layout_loops_corners, gammafunk_ghost_nasty_kobolds, uniq_maurice
D:10:     layout_basic, lair_entry_dummy, basic_altar, uniq_snorg, uniq_maggie,
          uniq_joseph, uniq_sonja
D:11:     layout_grid_maze, orc_0_dummy, chequers_jeans, blue_anna_alchemist
          [blue_anna_fruit_fields, blue_anna_fruit_fields], uniq_erica,
          uniq_grum
D:12:     layout_gridville
Temple:   kilobyte_greek_temple

Skill      XL: |  1  2  3  4  5  6  7  8  9 10 11 |
---------------+----------------------------------+-----
Axes           | 3 4 5 7 8 10 11 | 11.2
Throwing       | 2 3 4 5 |  5.4
Armour         | 1 2 3 4 5 6 8 9 |  9.4
Shields        | 1 2 3 4 5 |  5.6
Fighting       | 3 4 5 6 7 |  7.1
Invocations    | 5 |  5.2
Dodging        | |  2.6
Evocations     | |  0.2

Action                   |  1- 3 |  4- 6 |  7- 9 | 10-12 || total
-------------------------+-------+-------+-------+-------++-------
Melee: War axe           |   105 |    75 |   289 |   345 ||   814
       Kick              |       |    29 |    65 |   118 ||   212
Throw: Throwing net      |     1 |     1 |       |       ||     2
       Dart              |       |     5 |    18 |    49 ||    72
       Boomerang         |       |       |    11 |    24 ||    35
Evoke: Wand              |       |       |       |     4 ||     4
  Use: Scroll            |    11 |     5 |     7 |     4 ||    27
       Potion            |       |     1 |     2 |     2 ||     5
 Stab: Sleeping          |     1 |       |     1 |       ||     2
       Invisible         |       |     2 |     2 |       ||     4
       Held in net/web   |       |     1 |       |       ||     1
  Eat: Chunk             |     2 |     5 |    17 |    19 ||    43
Armor: Leather armour    |     8 |       |       |       ||     8
       Scale mail        |    29 |    18 |    63 |       ||   110
       Chain mail        |       |       |    39 |    62 ||   101
       Plate armour      |       |       |       |    59 ||    59
       Swamp dragon scal |       |       |       |    14 ||    14
Dodge: Dodged            |    41 |    18 |    82 |    74 ||   215
Block: Kite shield       |    28 |    39 |   124 |   156 ||   347
